 Dungeon Crawl Stone Soup version 0.31-a0-431-g88bdf31460 (webtiles) character file.

Game seed: 3645482717548681554

33 floatRand the Ruffian (level 3, -1/28 HPs)
             Began as a Draconian Shapeshifter on July 31, 2023.
             Slain by an orc wizard
             ... wielding a +0 dagger
              (3 damage)
             ... on level 3 of the Dungeon.
             The game lasted 00:00:45 (784 turns).

floatRand the Ruffian (Draconian Shapeshifter)       Turns: 784, Time: 00:00:46

Health: -1/28      AC:  5    Str: 17    XL:     3   Next: 12%
Magic:  3/3        EV: 12    Int:  8    God:
Gold:   56         SH:  0    Dex: 13    Spells: 2/2 levels left

rFire   . .          .
                       - Unarmed
rCold   . . .        (no shield)
rNeg    . . .        (body armour unavailable)
rPois   .            (helmet currently unavailable)
rElec   .            (cloak currently unavailable)
rCorr   .            (gloves currently unavailable)
SInv    .            (boots currently unavailable)
Will    .....        (no amulet)
Stlth   +            (no ring)
HPRegen 0.24/turn    (no ring)
MPRegen 0.08/turn

%: no passive effects
@: confused, beast-form
A: beast (slay +2), AC +5, unfitting armour, cold-blooded
a: Begin Untransformation


You were on level 3 of the Dungeon.
You were a hulking beast.
You visited 1 branch of the dungeon, and saw 3 of its levels.

You collected 56 gold pieces.

Inventory:

Talismans
 b - a beast talisman (active)
Scrolls
 c - 2 scrolls of torment {unknown}
Potions
 a - a potion of lignification
 d - a potion of brilliance {unknown}
 e - a potion of heal wounds {unknown}


   Skills:
 - Level 1.1 Fighting
 - Level 1.7 Dodging
 * Level 3.9 Unarmed Combat
 + Level 3.3 Shapeshifting


You had 2 spell levels left.
You didn't know any spells.
Your spell library was empty.

Dungeon Overview and Level Annotations

Branches:
Dungeon (2/15)

Altars:


Innate Abilities, Weirdness & Mutations

You are a hulking beast.
Your limbs bulge with bestial killing power. (Slay +2)
Your plain brown scales are hard. (AC +5)
You cannot fit into any form of body armour.
You are cold-blooded and may be slowed by cold attacks.


Message History

You miss something.
You hear some strange, mumbled words.
You are confused.
You miss something. Something hits you.
You bump into the rock wall.
Something hits you but does no damage.
You are too injured to fight recklessly!
You completely miss something. Something hits you.
Unknown command.
You completely miss something. Something hits you but does no damage.
Unknown command.
You closely miss something.
An orc wizard appears from thin air!
Reactivating autopickup.
The orc wizard hits you but does no damage.
You hit the orc wizard.
The orc wizard is moderately wounded.
The orc wizard hits you but does no damage.
Unknown command.
You bump into the rock wall.
The orc wizard gestures wildly while chanting.
The orc wizard flickers and vanishes!
Deactivating autopickup; reactivate with Ctrl-A.
You are too injured to fight recklessly!
You bump into the rock wall.
You feel less confused. Something hits you.
Unknown command.
You barely miss something.
You hear some strange, mumbled words.
You are confused.
You bump into the rock wall.
Something hits you but does no damage.
You hit something but do no damage. Something hits you.
* * * LOW HITPOINT WARNING * * *
You hit something but do no damage.
You hear some strange, mumbled words.
A magic dart appears from out of thin air!
The magic dart hits you.
* * * LOW HITPOINT WARNING * * *
Unknown command.
You closely miss something. Something hits you.
You die...

#........ #.......
. #......##
#.##......
#........##
........)>##
...##...#..#
........##†#######
(.............o{h#
...#..........####
...##.........#
........).....#
....###.......#
)..# #.......# ...
#.......# ..
#.......# .
..........#


You could see an orc.

Vanquished Creatures
  An adder (D:3)
  5 bats (D:1)
  4 endoplasms
  4 goblins
  2 hobgoblins
  2 ball pythons (D:1)
  2 kobolds (D:1)
  3 rats
23 creatures vanquished.

Notes
Turn   | Place    | Note
-------+----------+-------------------------------------------
     0 | D:1      | floatRand the Draconian Shapeshifter began the quest for
                  | the Orb.
     0 | D:1      | Reached XP level 1. HP: 16/16 MP: 1/1
   238 | D:1      | Reached XP level 2. HP: 23/23 MP: 2/2
   380 | D:1      | Found a faded altar of an unknown god.
   714 | D:2      | You fall into a shaft and drop 1 floor!
   759 | D:3      | Reached XP level 3. HP: 17/28 MP: 3/3
   784 | D:3      | Slain by an orc wizard

Illustrated notes

Levels and vault maps discovered:
D:1:      dpeg_chamrin_arrival_tetris, layout_loops_ring,
          ebering_ecumenical_altar_box
D:2:      layout_rooms, basic_altar, st_stairs_7
D:3:      layout_rooms, lemuel_crystal_altar, uniq_jessica

Action                     || total
---------------------------++-------
  Melee: Unarmed           ||    71
         Tailslap          ||     7
         Punch             ||     1
   Stab: Sleeping          ||     2
 Armour: Skin              ||    32
  Dodge: Dodged            ||    38

Table legend: (Time is in decaauts)
 A = Elapsed time spent in this place.
 B = Non-inter-level travel time spent in this place.
 C = Inter-level travel time spent in this place.
 D = Time resting spent in this place.
 E = Time spent auto-exploring this place.
 F = Levels seen in this place.
 G = Mean time per level.
                   A        B        C        D        E       F      G
               +--------+--------+--------+--------+--------+-----+--------+
         Total |    780 |    755 |     25 |      0 |    556 |   3 |  260.0 |
       Dungeon |    780 |    755 |     25 |      0 |    556 |   3 |  260.0 |
               +--------+--------+--------+--------+--------+-----+--------+

Top non-repeatable levels by time:
     D:1: 711 daAuts
     D:3: 68 daAuts
